 Dungeon Crawl Stone Soup version 0.23-a0-38-g6d804a8 (webtiles) character file.

410 Gruud the Cudgeler (level 6, -7/47 HPs)
             Began as a Demonspawn Gladiator on Aug 5, 2018.
             Mangled by a mummy (15 damage)
             ... in an ossuary.
             The game lasted 00:09:40 (2393 turns).

Gruud the Cudgeler (Demonspawn Gladiator)           Turns: 2393, Time: 00:09:41

Health: -7/47      AC:  7    Str: 15    XL:     6   Next: 58%
Magic:  6/6        EV: 11    Int:  9    God:
Gold:   151        SH:  0    Dex: 18    Spells: 5/5 levels left

rFire    . . .     SeeInvis .   a - +0 flail
rCold    . . .     Gourm    .   (no shield)
rNeg     . . .     Faith    .   i - +0 scale mail
rPois    .         Spirit   .   (helmet restricted)
rElec    +         Reflect  .   (no cloak)
rCorr    .         Harm     .   e - +0 pair of gloves
MR       .....                  (no boots)
Stlth    ..........             (no amulet)
HPRegen  0.55/turn              (no ring)
MPRegen  0.10/turn              (no ring)

@: drained
A: horns 1, agile 1, demonic guardian 1, regeneration 1, electricity resistance,
wild magic 1
a: no special abilities


You were in an ossuary.
You were hungry.

You visited 1 branch of the dungeon, and saw 4 of its levels.
You also visited: Ossuary.

You collected 151 gold pieces.

Inventory:

Hand Weapons
 a - a +0 flail (weapon)
 b - a +0 hunting sling
 k - a +1 vampiric whip
 w - a +0 whip of venom
Missiles
 d - 3 throwing nets (quivered)
 n - 44 sling bullets
Armour
 c - a +0 helmet
 e - a +0 pair of gloves (worn)
 i - a +0 scale mail (worn)
Scrolls
 g - a scroll of amnesia
 h - 2 scrolls of teleportation
 o - a scroll of immolation
 t - a scroll of enchant weapon {unknown}
 u - a scroll of blinking {unknown}
Potions
 j - a potion of invisibility {unknown}
 l - a potion of berserk rage {unknown}
 p - a potion of brilliance {unknown}
 q - 4 potions of might
 s - a potion of heal wounds {unknown}
 v - a potion of agility {unknown}
Comestibles
 f - 10 rations
 r - 7 chunks of flesh


   Skills:
 + Level 3.4(2.9) Fighting
 * Level 4.6(4.1) Maces & Flails
 * Level 1.6 Slings
 - Level 1.7(1.6) Throwing
 + Level 2.3(1.9) Armour
 + Level 3.7(3.2) Dodging


You had 5 spell levels left.
You didn't know any spells.
Your spell library was empty.

Dungeon Overview and Level Annotations

Branches:
Dungeon (4/15)
 Temple: D:4-7

Altars:
Cheibriados
Fedhas


Innate Abilities, Weirdness & Mutations

A weak demonic guardian rushes to your aid.
You have a pair of small horns on your head.
You are agile. (Dex +2)
Your natural rate of healing is unusually fast.
You are resistant to electric shocks. (rElec)
Your spells are a little harder to cast, but a little more powerful.


Message History

You sock the mummy!
You destroy the mummy!
You are feeling hungry.
Your scale mail prevents you from hitting the mummy.
You headbutt the mummy.
The mummy is lightly damaged.
The mummy hits you! The mummy barely misses you.
Unknown command.
You hit the mummy.
The mummy is moderately damaged.
The mummy barely misses you. The mummy hits you.
* * * LOW HITPOINT WARNING * * *
Unknown command.
You hit the mummy.
The mummy is moderately damaged.
The mummy barely misses you. The mummy hits you!
* * * LOW HITPOINT WARNING * * *
Unknown command.
You feel better. The mummy hits you!
You die...

#....#
#....#
#....#
#....#
#....#
#....#
#....#
#MM..#
#@M∩.#
######


You could see 3 mummies.

Vanquished Creatures
  A phantom (D:4)
  A mummy (Ossuary)
  Robin (D:3)
  6 gnolls (D:3)
  4 adders
  2 oozes
  3 worms
  A dart slug (D:2)
  A leopard gecko (D:3)
  4 orcs
  6 giant cockroaches
  A gnoll zombie (Ossuary)
  14 goblins
  11 hobgoblins
  5 jackals
  3 quokkas
  A ball python (D:1)
  7 bats
  4 frilled lizards
  A hobgoblin zombie (Ossuary)
  A jackal skeleton (D:4)
  9 kobolds
  3 kobold zombies (Ossuary)
  2 orc zombies (Ossuary)
  2 rats
  2 toadstools (D:1)
96 creatures vanquished.

Vanquished Creatures (collateral kills)
  A phantom (D:4)
  A howler monkey (D:4)
  Jessica (D:3)
  A jackal (D:4)
  2 quokkas (D:4)
  A kobold zombie (Ossuary)
7 creatures vanquished.

Vanquished Creatures (others)
  2 toadstools (D:1)
2 creatures vanquished.

Grand Total: 105 creatures vanquished

Notes
Turn   | Place    | Note
-------+----------+-------------------------------------------
     0 | D:1      | Gruud the Demonspawn Gladiator began the quest for the Orb.
     0 | D:1      | Reached XP level 1. HP: 16/16 MP: 1/1
   244 | D:1      | Gained mutation: A weak demonic guardian rushes to your aid. [demonic ancestry]
   244 | D:1      | Reached XP level 2. HP: 21/22 MP: 2/2
   304 | D:1      | Reached skill level 3 in Maces & Flails
   670 | D:1      | Reached XP level 3. HP: 28/28 MP: 3/3
   742 | D:2      | Reached skill level 1 in Armour
   873 | D:2      | Gained mutation: Scrolls take you a little longer to read. [potion of mutation]
   873 | D:2      | Gained mutation: You are agile. (Dex +2) [potion of mutation]
   874 | D:2      | Lost mutation: Scrolls take you a little longer to read. [potion of mutation]
   874 | D:2      | Lost mutation: You are agile. (Dex +2) [potion of mutation]
   874 | D:2      | Gained mutation: Your muscles are strong. (Str +2) [potion of mutation]
   874 | D:2      | Gained mutation: You are occasionally teleported next to monsters. [potion of mutation]
   874 | D:2      | Gained mutation: You have sharp toenails. [potion of mutation]
   874 | D:2      | Gained mutation: Your natural rate of healing is unusually fast. [potion of mutation]
  1013 | D:2      | Reached XP level 4. HP: 34/34 MP: 4/4
  1069 | D:2      | Found a snail-covered altar of Cheibriados.
  1358 | D:3      | Lost mutation: You have sharp toenails. [potion of mutation]
  1358 | D:3      | Lost mutation: Your muscles are strong. (Str +2) [potion of mutation]
  1358 | D:3      | Lost mutation: You are occasionally teleported next to monsters. [potion of mutation]
  1358 | D:3      | Gained mutation: You are resistant to electric shocks. (rElec) [potion of mutation]
  1358 | D:3      | Gained mutation: You are agile. (Dex +2) [potion of mutation]
  1358 | D:3      | Gained mutation: Your spells are a little harder to cast, but a little more powerful. [potion of mutation]
  1358 | D:3      | Gained mutation: You have a pair of small horns on your head. [potion of mutation]
  1409 | D:3      | Noticed Jessica
  1422 | D:3      | Killed Jessica
  1633 | D:3      | Reached XP level 5. HP: 31/40 MP: 5/5
  1661 | D:3      | Reached skill level 4 in Maces & Flails
  1765 | D:3      | Found a blossoming altar of Fedhas.
  1967 | D:3      | Noticed Robin
  1976 | D:3      | Killed Robin
  2180 | D:4      | Noticed a phantom
  2182 | D:4      | Noticed a phantom
  2200 | D:4      | Killed a phantom
  2200 | D:4      | Reached skill level 1 in Slings
  2200 | D:4      | Reached XP level 6. HP: 41/47 MP: 6/6
  2213 | D:4      | Found a sand-covered staircase.
  2334 | Ossuary  | Entered an ossuary
  2392 | Ossuary  | HP: 1/47 [mummy (12)]
  2393 | Ossuary  | Mangled by a mummy

Vault maps used:
D:1:      ldierk_water_garden, minmay_small_reverse_x
D:2:      kennysheep_slug_shrine
D:3:      fedhas_altar_4, uniq_jessica, uniq_robin
D:4:      lemuel_crystal_altar, nicolae_ossuary_entry_false_entrances
Ossuary:  ossuary_tomb_3

Skill      XL: |  1  2  3  4  5 |
---------------+----------------+-----
Maces & Flails | 3 4 |  4.6
Armour         | 1 2 |  2.3
Dodging        | 3 |  3.7
Fighting       | 3 |  3.4
Slings         | 1 |  1.6
Throwing       | |  1.7

Action                   |  1- 3 |  4- 6 || total
-------------------------+-------+-------++-------
Melee: Flail             |   139 |   194 ||   333
       Kick              |     2 |     3 ||     5
       Headbutt          |       |    35 ||    35
  Use: Scroll            |     3 |     3 ||     6
       Potion            |     2 |     4 ||     6
 Stab: Distracted        |       |     1 ||     1
  Eat: Chunk             |     1 |     4 ||     5
Armor: Ring mail         |    73 |     7 ||    80
       Scale mail        |       |    93 ||    93
Dodge: Dodged            |   117 |   143 ||   260

Table legend:
 A = Spawn XP
 B = Non-spawn XP
 C = Spawn XP percentage of total XP
 D = Spawn monster count
 E = Non-spawn monster count
 F = Spawn count percentage of total count
 G = Total turns spent on level
                    A         B        C        D         E        F      G
               +---------+---------+-------+---------+---------+-------+---------
         Total |       0 |     586 |   0.0 |       0 |     101 |   0.0 |  2393
               +---------+---------+-------+---------+---------+-------+---------
           D:1 |       0 |      42 |   0.0 |       0 |      23 |   0.0 |   681
           D:2 |       0 |      69 |   0.0 |       0 |      19 |   0.0 |   670
           D:3 |       0 |     199 |   0.0 |       0 |      38 |   0.0 |   816
           D:4 |       0 |     249 |   0.0 |       0 |      12 |   0.0 |   167
       Ossuary |       0 |      27 |   0.0 |       0 |       9 |   0.0 |    59
               +---------+---------+-------+---------+---------+-------+---------
